 Dungeon Crawl Stone Soup version 0.30.0-19-g36f170ea60 (webtiles) character file.

Game seed: 10474195554442712578

83 wesker116 the Ducker (level 4, -1/45 HPs)
             Began as a Troll Berserker on May 28, 2023.
             Was a Believer of Trog.
             Slain by an orc
             ... wielding a +0 trident
              (5 damage)
             ... on level 3 of the Dungeon.
             The game lasted 00:18:59 (934 turns).

wesker116 the Ducker (Troll Berserker)               Turns: 934, Time: 00:18:59

Health: -1/45      AC:  4    Str: 27    XL:     4   Next: 22%
Magic:  3/3        EV: 10    Int:  3    God:    Trog [**....]
Gold:   88         SH:  0    Dex:  9    Spells: 3/3 levels left

rFire   + . .        i - +0 flail
rCold   . . .        (no shield)
rNeg    + . .        b - +0 animal skin
rPois   .            (helmet restricted)
rElec   .            (no cloak)
rCorr   .            (gloves unavailable)
SInv    .            (boots unavailable)
Will    .....        (no amulet)
Stlth   +            c - ring of protection from fire
HPRegen 1.07/turn    g - ring of positive energy
MPRegen 0.08/turn

%: no passive effects
@: no status effects
A: large, unfitting armour, claws 3, regeneration 1, shaggy fur 1, tough skin 1
a: Renounce Religion, Berserk, Trog's Hand


You were on level 3 of the Dungeon.
You worshipped Trog.
Trog was pleased with you.
You visited 1 branch of the dungeon, and saw 3 of its levels.

You collected 88 gold pieces.

Inventory:

Hand Weapons
 a - a +0 short sword
 d - a +0 club
 i - a +0 flail (weapon)
 j - a +0 mace
Armour
 b - a +0 animal skin (worn)
Jewellery
 c - a ring of protection from fire (left claw)
 g - a ring of positive energy (right claw)
Scrolls
 l - a scroll of identify {unknown}
Potions
 e - 3 potions of curing
 f - 3 potions of attraction {unknown}
 h - a potion of haste {unknown}
 k - a potion of berserk rage {unknown}
 m - a potion of experience {unknown}


   Skills:
 + Level 3.0 Fighting
 + Level 2.9 Short Blades
 + Level 0.8 Maces & Flails
 + Level 3.2 Dodging


You had 3 spell levels left.
You didn't know any spells.
Your spell library was empty.

Dungeon Overview and Level Annotations

Branches:
Dungeon (3/15)

Altars:


Innate Abilities, Weirdness & Mutations

You are too large for most types of armour.
You have claws for hands.
Your natural rate of healing is unusually fast.
You are covered in fur. (AC +1)
You have tough skin. (AC +1)


Message History

The orc hits you but does no damage. The orc misses you.
The orc hits you from afar with a +0 trident.
The quokka closely misses you.
You sock the orc!
You kill the orc!
Trog accepts your kill. The orc barely misses you.
The frilled lizard bites you but does no damage.
The orc barely misses you. The quokka bites you.
The quokka bites you but does no damage.
The frilled lizard barely misses you. The orc hits you with a +0 flail.
The orc barely misses you.
Things that are here:
a +0 falchion; a smoky dark potion; an orc corpse You closely miss the orc.
The quokka completely misses you. The frilled lizard misses you.
The orc barely misses you. The orc hits you with a +0 trident.
The quokka bites you. The orc hits you with a +0 trident.
The orc hits you with a +0 flail. The frilled lizard barely misses you.
You closely miss the orc. The quokka bites you.
The orc hits you with a +0 trident.
* * * LOW HITPOINT WARNING * * *
The orc hits you with a +0 flail.
* * * LOW HITPOINT WARNING * * *
The frilled lizard bites you but does no damage.
The quokka bites you.
* * * LOW HITPOINT WARNING * * *
You hit the orc but do no damage. The frilled lizard barely misses you.
The orc hits you but does no damage. The orc closely misses you.
The quokka closely misses you.
You sock the orc!
You kill the orc!
Trog accepts your kill. The quokka barely misses you.
The frilled lizard closely misses you. The orc hits you with a +0 trident.
* * * LOW HITPOINT WARNING * * *
The quokka bites you.
* * * LOW HITPOINT WARNING * * *
The orc hits you with a +0 trident.
You die...

............... #..............
#.............. #....$.........
#......................
#......................
#.......o..............
#.....)@l.....^........ #
#.....r)............... #
..##....†................. #####
$.........................
..#.###.#.......................
#...............................
#..<............................
.........#......................
#.####..........................


You could see an orc, a quokka and a frilled lizard.

Vanquished Creatures
  3 adders
  2 dart slugs (D:1)
  3 orcs (D:3)
  3 ball pythons
  4 endoplasms
  3 giant cockroaches
  5 goblins
  3 hobgoblins
  4 quokkas
  7 bats
  A frilled lizard (D:1)
  5 kobolds
  2 rats (D:2)
45 creatures vanquished.

Notes
Turn   | Place    | Note
-------+----------+-------------------------------------------
     0 | D:1      | wesker116 the Troll Berserker began the quest for the Orb.
     0 | D:1      | Reached XP level 1. HP: 22/22 MP: 0/0
   110 | D:1      | Reached XP level 2. HP: 29/29 MP: 1/1
   122 | D:1      | Found a faded altar of an unknown god.
   386 | D:2      | Reached XP level 3. HP: 33/36 MP: 2/2
   446 | D:2      | Reached ** piety under Trog
   876 | D:3      | Reached XP level 4. HP: 45/45 MP: 3/3
   934 | D:3      | Slain by an orc

Illustrated notes

Levels and vault maps discovered:
D:1:      dpeg_arrival_short_road, layout_rooms,
          hellmonk_ecumenical_altar_pennies_from_heaven, minmay_statues_item
D:2:      layout_rooms, minmay_pentomino_p2
D:3:      layout_basic, overflow_temple_1_default

Skill      XL: |  1  2  3 |
---------------+----------+-----
Dodging        | 3 |  3.2
Fighting       | 3 |  3.0
Short Blades   | |  2.9
Maces & Flails | |  0.8

Action                     |  1- 3 |  4- 6 || total
---------------------------+-------+-------++-------
  Melee: Short sword       |   153 |       ||   153
         Mace              |    35 |       ||    35
         Flail             |    11 |    18 ||    29
    Use: Potion            |     2 |       ||     2
         Scroll            |     3 |       ||     3
 Armour: Animal skin       |    81 |    19 ||   100
  Dodge: Dodged            |   137 |    43 ||   180
